 Dungeon Crawl Stone Soup version 0.26-a0-1049-g242049e08c (webtiles) character file.

Game seed: 1585809350648856416

1472 Delamore the Cudgeller (level 8, -8/49 HPs)
             Began as a Gargoyle Fighter on Dec 12, 2020.
             Killed from afar by Dowan (14 damage)
             ... with a shard of ice
             ... on level 7 of the Dungeon.
             The game lasted 00:07:05 (6027 turns).

Delamore the Cudgeller (Gargoyle Fighter)           Turns: 6027, Time: 00:07:05

Health: -8/49      AC: 18    Str: 23    XL:     8   Next: 78%
Magic:  8/8        EV:  6    Int:  8    God:
Gold:   311        SH: 10    Dex:  9    Spells: 7/7 levels left

rFire    . . .     SeeInvis .   F - +1 flail (drain)
rCold    . . .     Faith    .   c - +0 kite shield
rNeg     + . .     Spirit   .   n - +0 chain mail
rPois    ∞         Reflect  .   m - +0 helmet
rElec    +         Harm     .   (no cloak)
rCorr    .         Rampage  .   G - +0 pair of gloves
Will     .....                  D - +0 pair of boots
Stlth    ..........             u - amulet of magic regeneration
HPRegen  0.16/turn              (no ring)
MPRegen  0.36/turn              (no ring)

@: very slightly contaminated, invisible
A: negative energy resistance 1, electricity resistance, unbreathing,
petrification resistance, rot immunity, AC +5
a: no special abilities


You were on level 7 of the Dungeon.
You visited 1 branch of the dungeon, and saw 7 of its levels.

You collected 311 gold pieces.

Inventory:

Hand Weapons
 a - a +0 flail
 F - a +1 flail of draining (weapon)
Missiles
 y - 8 javelins (quivered)
Armour
 c - a +0 kite shield (worn)
 m - a +0 helmet (worn)
 n - a +0 chain mail (worn)
 D - a +0 pair of boots (worn)
 G - a +0 pair of gloves (worn)
Jewellery
 u - an amulet of magic regeneration (around neck)
Wands
 t - a wand of acid (9)
 E - a wand of flame (21)
Scrolls
 b - 3 scrolls of teleportation {unknown}
 f - 2 scrolls of fog {unknown}
 g - 4 scrolls of amnesia {unknown}
 i - 2 scrolls of remove curse
 o - a scroll of random uselessness
 s - 4 scrolls of noise {unknown}
 v - 3 scrolls of magic mapping {unknown}
 x - 2 scrolls of blinking {unknown}
 A - a scroll of enchant armour {unknown}
 B - a scroll of fear {unknown}
 C - a scroll of immolation {unknown}
 H - a scroll of identify
 I - a scroll of holy word {unknown}
 J - a scroll of enchant weapon {unknown}
Potions
 d - 3 potions of might
 e - 3 potions of invisibility
 h - a potion of heal wounds {unknown}
 j - a potion of berserk rage
 k - 3 potions of flight
 l - 3 potions of curing
 p - a potion of brilliance
 q - a potion of cancellation
 r - a potion of resistance
 w - a potion of degeneration {unknown}
 z - a potion of magic


   Skills:
 - Level 5.0 Fighting
 + Level 7.9 Maces & Flails
 + Level 4.7 Throwing
 - Level 3.4 Armour
 - Level 5.0 Shields


You had 7 spell levels left.
You didn't know any spells.
Your spell library contained the following spells:

 Spells                   Type           Power        Failure   Level
 Animate Skeleton         Necr           #.....       100%        1
 Foxfire                  Conj/Fire      #...         100%        1
 Pain                     Necr           #...         100%        1
 Conjure Flame            Conj/Fire      #.......     100%        3
 Vampiric Draining        Necr           #.........   100%        3
 Animate Dead             Necr           #.........   100%        4
 Hailstorm                Conj/Ice       #.......     100%        4
 Agony                    Necr           #.......     100%        5
 Irradiate                Conj/Tmut      #.........   100%        5
 Orb of Destruction       Conj           #.........   100%        7


Dungeon Overview and Level Annotations

Branches:
Dungeon (7/15)
 Temple: D:4-7

Altars:
Cheibriados
Qazlal
Ru
Zin

Shops:
D:4 ?

Annotations:
D:6 1 runed translucent door, Trueduck's ghost, novice NaVM
D:7 Dowan


Innate Abilities, Weirdness & Mutations

You are resistant to torment.
Your stone body is resilient. (AC +5)
You are immune to poison.
You resist negative energy. (rN+)
You are resistant to electric shocks. (rElec)
You can survive without breathing.
You are immune to petrification.
You are immune to rotting.


Message History

You are too injured to fight recklessly!
You are too injured to fight recklessly!
You are too injured to fight recklessly!
You are too injured to fight recklessly!
You are too injured to fight recklessly!
You are too injured to fight recklessly!
You are too injured to fight recklessly!
You are too injured to fight recklessly!
You are too injured to fight recklessly!
You are too injured to fight recklessly!
You are too injured to fight recklessly!
You are too injured to fight recklessly!
You are too injured to fight recklessly!
Okay, then.
You fade into invisibility!
You block Dowan's attack.
You are very lightly contaminated with residual magic.
Dowan gestures at something while chanting.
The shard of ice hits you!
You die...

......#.......#...#
......#.......#...#
......##.....##.###
......####.####.# #
#............##
#.#.#.#..#####....##
#.....#.## ##.....##
# ##..# ##.......##
##.#..@####.........#
#....)....+...<.....+
#..#...#.##.>....<..#
#.....##.###......(##
#?##e## # ##.....## #
.. ##...## ##. ##+##
#. #.


You could see Dowan (fast).

Vanquished Creatures
  Sigmund (D:5)
  Menkaure (D:7)
  Edmund (D:6)
  Duvessa (D:7)
  A necrophage (D:6)
  2 bullfrogs (D:6)
  A scorpion (D:4)
  A howler monkey (D:4)
  3 jellies
  An orc priest (D:4)
  4 orc wizards
  A bullfrog skeleton (D:5)
  2 centaur skeletons
  2 hounds
  3 worker ants
  A hound skeleton (D:5)
  Robin (D:2)
  A gnoll (D:2)
  A howler monkey skeleton (D:4)
  7 adders
  2 shadow imps
  A white imp (D:3)
  2 oozes
  An adder zombie (D:6)
  2 adder skeletons (D:4)
  2 worms (D:2)
  A dart slug (D:1)
  A leopard gecko (D:1)
  14 orcs
  5 bats
  5 giant cockroaches
  13 hobgoblins
  4 jackals
  2 kobolds
  2 quokkas
  4 ball pythons
  A ball python skeleton (D:4)
  8 frilled lizards
  13 goblins
  A jackal skeleton (D:4)
  4 rats
124 creatures vanquished.

Notes
Turn   | Place    | Note
-------+----------+-------------------------------------------
     0 | D:1      | Delamore the Gargoyle Fighter began the quest for the Orb.
     0 | D:1      | Reached XP level 1. HP: 14/14 MP: 1/1
     6 | D:1      | Noticed an iguana
     7 | D:1      | Noticed a salamander
   263 | D:1      | Reached XP level 2. HP: 18/19 MP: 2/2
   516 | D:1      | Reached XP level 3. HP: 23/24 MP: 3/3
  1055 | D:2      | Reached XP level 4. HP: 29/29 MP: 4/4
  1739 | D:3      | Reached skill level 3 in Maces & Flails
  1770 | D:3      | Noticed Robin
  1957 | D:2      | Killed Robin
  2126 | D:3      | Reached XP level 5. HP: 31/34 MP: 5/5
  2310 | D:3      | Found a snail-covered altar of Cheibriados.
  2311 | D:3      | Found a sacrificial altar of Ru.
  2548 | D:3      | Found a faded altar of an unknown god.
  2825 | D:4      | Got a warped hand axe
  2826 | D:4      | Identified the cursed +1 hand axe "Embalmer" {vorpal,
                  | *Corrode rN+ Int+4} (You found it on level 4 of the
                  | Dungeon)
  2884 | D:4      | Reached XP level 6. HP: 34/40 MP: 6/6
  2887 | D:4      | Reached skill level 5 in Fighting
  2887 | D:4      | Reached skill level 5 in Shields
  3003 | D:4      | Reached skill level 4 in Maces & Flails
  3307 | D:4      | Found a glowing silver altar of Zin.
  3455 | D:4      | Found Memubb's Magic Scroll Boutique.
  3604 | D:5      | Entered Level 5 of the Dungeon
  3976 | D:4      | Reached skill level 5 in Maces & Flails
  3982 | D:4      | Reached XP level 7. HP: 26/44 MP: 7/7
  4373 | D:5      | Noticed Sigmund
  4397 | D:5      | Killed Sigmund
  4398 | D:5      | Reached skill level 6 in Maces & Flails
  4398 | D:5      | Reached skill level 1 in Throwing
  5100 | D:6      | Found a runed translucent door.
  5100 | D:6      | Noticed Trueduck's ghost (novice NaVM)
  5125 | D:6      | Reached XP level 8. HP: 49/49 MP: 8/8
  5382 | D:6      | Noticed Edmund
  5411 | D:6      | Killed Edmund
  5412 | D:6      | Reached skill level 7 in Maces & Flails
  5736 | D:6      | Identified Asmodeus's Papyrus of Fiery Damage Dealing
  5962 | D:7      | Found a stormy altar of Qazlal.
  6001 | D:7      | Noticed Menkaure
  6006 | D:7      | Killed Menkaure
  6015 | D:7      | Noticed Duvessa
  6021 | D:7      | Noticed Dowan
  6022 | D:7      | Killed Duvessa
  6027 | D:7      | Killed from afar by Dowan

Illustrated notes

Levels and vault maps discovered:
D:1:      onia_arrival_zoo_common, layout_loops_cross
D:2:      layout_basic, grunt_ministairs_13, minivault_23,
          grunt_decor_resistance, cheibrodos_gnoll_hut
D:3:      layout_basic, gammafunk_temple_overflow_pools,
          chequers_ecumenical_altar_island, chequers_serial_rivers_micro_d,
          uniq_robin
D:4:      layout_rooms, zin_scriptorium, serial_shops, shop_fountains
D:5:      layout_loops_ring, uniq_sigmund
D:6:      layout_rooms, hellmonk_ghost_happy_afterlife, uniq_edmund
D:7:      layout_loops_corners, lemuel_mausoleum_altar_kikubaaqudgha,
          vehumet_statue, general_overflow_altar, old_standard_altar,
          temple_pool_b, uniq_menkaure, uniq_duvessa, uniq_crazy_yiuf_cottage

Skill      XL: |  1  2  3  4  5  6  7  8 |
---------------+-------------------------+-----
Fighting       | 4 5 |  5.0
Shields        | 4 5 |  5.0
Maces & Flails | 3 5 6 7 |  7.9
Throwing       | 2 4 |  4.7
Armour         | |  3.4

Action                   |  1- 3 |  4- 6 |  7- 9 || total
-------------------------+-------+-------+-------++-------
Melee: Flail             |   113 |   269 |   189 ||   571
  Use: Scroll            |       |     3 |     8 ||    11
       Potion            |       |       |     1 ||     1
Armor: Scale mail        |    66 |    97 |       ||   163
       Chain mail        |       |    99 |    84 ||   183
Dodge: Dodged            |    39 |    91 |    29 ||   159
Block: Kite shield       |    73 |   160 |    82 ||   315

Table legend: (Time is in decaauts)
 A = Elapsed time spent in this place.
 B = Non-inter-level travel time spent in this place.
 C = Inter-level travel time spent in this place.
 D = Time resting spent in this place.
 E = Time spent auto-exploring this place.
 F = Levels seen in this place.
 G = Mean time per level.
                   A        B        C        D        E       F      G
               +--------+--------+--------+--------+--------+-----+--------+
         Total |   6182 |   6001 |    181 |    705 |   4120 |   7 |  883.1 |
       Dungeon |   6182 |   6001 |    181 |    705 |   4120 |   7 |  883.1 |
               +--------+--------+--------+--------+--------+-----+--------+

Top non-repeatable levels by time:
     D:4: 1297 daAuts
     D:2: 1260 daAuts
     D:5: 1049 daAuts
     D:6: 884 daAuts
     D:1: 812 daAuts
     D:3: 788 daAuts
     D:7: 89 daAuts
